 Dungeon Crawl Stone Soup version 0.19-a0-1534-g03f6967 (webtiles) character file.

1814 LORDOFBUTT the Basher (level 8, 0/70 HPs)
             Began as a Minotaur Fighter on Sept 14, 2016.
             Was an Initiate of Gozag.
             Slain by an orc warrior
             ... wielding a +0 halberd
              (18 damage)
             ... on level 7 of the Dungeon.
             The game lasted 00:06:58 (4890 turns).

LORDOFBUTT the Basher (Minotaur Fighter)            Turns: 4890, Time: 00:06:59

Health: 0/70       AC:  9    Str: 21    XL:     8   Next: 84%
Magic:  7/7        EV:  9    Int:  5    God:    Gozag
Gold:   214        SH: 11    Dex: 12    Spells: 0 memorised, 7 levels left

rFire  . . .     SeeInvis .     a - +2 flail
rCold  + . .     Gourm    .     b - +0 scale mail
rNeg   . . .     Faith    .     c - +0 shield
rPois  .         Spirit   .     (helmet restricted)
rElec  .         Dismiss  +     (no cloak)
rCorr  .         Reflect  .     (no gloves)
MR     .....     Harm     .     r - +0 pair of boots
Stlth  ..........               t - amulet of dismissal
                                (no ring)
                                n - ring of protection from cold

@: gold aura, flying, very slightly contaminated, hasted, very quick
A: retaliatory headbutt, horns 2
a: Potion Petition, Call Merchant, Bribe Branch, Renounce Religion


You were on level 7 of the Dungeon.
You worshipped Gozag.
Gozag was aware of your devotion.
You were not hungry.

You visited 2 branches of the dungeon, and saw 9 of its levels.

You collected 801 gold pieces.
You paid 587 gold pieces to Gozag.

Inventory:

Hand Weapons
 a - a +2 flail (weapon)
Armour
 b - a +0 scale mail (worn)
 c - a +0 shield (worn)
 r - a +0 pair of boots (worn)
Jewellery
 g - an uncursed ring of fire
 n - a ring of protection from cold (left hand)
 s - an uncursed amulet of harm
 t - an amulet of dismissal (around neck)
 E - an uncursed amulet of the gourmand {unknown}
Wands
 A - a wand of disintegration (8/24)
 D - a wand of iceblast (8/15)
Scrolls
 j - 6 scrolls of amnesia
 l - 5 scrolls of remove curse
 o - a scroll of teleportation
 q - 2 scrolls of fear {unknown}
 u - 7 scrolls of identify
 x - a scroll of recharging {unknown}
 y - a scroll of magic mapping {unknown}
 C - 2 scrolls of fog
 F - 2 scrolls of immolation {unknown}
 G - a scroll of enchant armour {unknown}
 K - a scroll of noise {unknown}
Potions
 d - a potion of invisibility {unknown}
 e - a potion of lignification {unknown}
 i - a potion of curing
 k - a potion of brilliance {unknown}
 m - 3 potions of flight
 p - a potion of heal wounds
 w - a potion of haste {unknown}
 z - a potion of beneficial mutation {unknown}
 B - 2 potions of agility {unknown}
Comestibles
 f - 8 bread rations
 v - 2 meat rations
 H - 7 fruits
 I - a beef jerky
 J - a slice of pizza


   Skills:
 + Level 6.0 Fighting
 + Level 8.8 Maces & Flails
 + Level 7.0 Armour
 + Level 2.5 Dodging
 + Level 1.5 Stealth
 + Level 7.4 Shields


You had 7 spell levels left.
You didn't know any spells.

Dungeon Overview and Level Annotations

Branches:
Dungeon (8/15)             Temple (1/1) D:4
   Lair: D:8-11

Altars:
Ashenzari
Cheibriados
Dithmenos
Elyvilon
Fedhas
Gozag
Hepliaklqana
Kikubaaqudgha
Makhleb
Nemelex Xobeh
Okawaru
Qazlal
Ru
Sif Muna
Trog
Uskayaw
Vehumet
Xom
Yredelemnul
Zin
The Shining One

Shops:
D:5 *


Innate Abilities, Weirdness & Mutations

You reflexively headbutt those who attack you in melee.
You have a pair of horns on your head.


Message History

5 gold pieces; a dagger; a robe You see here 6 gold pieces.
You see here 6 gold pieces.
The orc warrior is distracted by the nearby gold.
The orc is distracted by the nearby gold.
You see here 6 gold pieces.
Things that are here:
5 gold pieces; a dagger; a robe You barely miss the orc warrior.
The orc warrior is no longer distracted by gold.
The orc shouts!
You block the orc warrior's attack.
You sock the orc warrior! You headbutt the orc warrior.
The orc warrior is heavily wounded.
You closely miss the orc warrior. Your headbutt misses the orc warrior.
The orc warrior is heavily wounded.
The orc is no longer distracted by gold.
The orc warrior hits you with a halberd!!
You die...
Your body crumbles into a pile of gold.

...#
...##........
...#
............
...#
...$.......#
####
........#..# #
.......#..#.#
..........#.#
###+# #...$$..#
.....o##...$..#
.....{o@$$$##.#
......###$>#
... ..... ####
### .... ... ..
.


You could see an orc warrior and an orc.

Vanquished Creatures
  An orc warrior (D:6)
  2 ogres
  A black bear (D:3)
  A necrophage (D:7)
  A giant frog (D:6)
  A gnoll sergeant (D:5)
  8 scorpions (D:5)
  A vampire bat (D:2)
  A giant frog zombie (D:5)
  3 orc priests
  2 hounds
  A jelly (D:7)
  6 orc wizards
  2 iguanas
  4 worker ants
  A hound skeleton (D:7)
  A worker ant zombie (D:6)
  3 gnolls (D:5)
  9 adders
  A shadow imp (D:7)
  2 worms
  6 dart slugs
  4 giant geckos
  26 orcs
  A bat skeleton (D:2)
  6 bat zombies (D:2)
  12 giant cockroaches
  6 goblins
  11 hobgoblins
  13 jackals
  2 quokkas
  3 ball pythons (D:2)
  8 bats
  A giant cockroach zombie (D:6)
  2 giant newts
  7 kobolds
  4 rats
164 creatures vanquished.

Vanquished Creatures (others)
  3 fungi (D:5)
3 creatures vanquished.

Grand Total: 167 creatures vanquished

Notes
Turn   | Place    | Note
-------+----------+-------------------------------------------
     0 | D:1      | LORDOFBUTT the Minotaur Fighter began the quest for the Orb.
     0 | D:1      | Reached XP level 1. HP: 19/19 MP: 0/0
   271 | D:1      | Reached XP level 2. HP: 27/27 MP: 1/1
   410 | D:2      | Reached XP level 3. HP: 29/33 MP: 2/2
   416 | D:2      | Reached skill level 3 in Maces & Flails
   625 | D:2      | Found an ancient bone altar of Kikubaaqudgha.
   638 | D:2      | Reached XP level 4. HP: 38/40 MP: 3/3
  1389 | D:3      | Reached XP level 5. HP: 38/46 MP: 4/4
  1446 | D:3      | Reached skill level 4 in Maces & Flails
  1453 | D:3      | Reached skill level 5 in Armour
  1858 | D:3      | Noticed a black bear
  1867 | D:3      | Killed a black bear
  1867 | D:3      | Reached skill level 5 in Maces & Flails
  1867 | D:3      | Reached skill level 1 in Dodging
  1867 | D:3      | Reached XP level 6. HP: 46/53 MP: 5/5
  1982 | D:3      | Reached skill level 5 in Shields
  2188 | D:4      | Found a staircase to the Ecumenical Temple.
  2229 | Temple   | Entered the Ecumenical Temple
  2302 | Temple   | Became a worshipper of Gozag Ym Sagoz the Greedy
  2707 | D:5      | Entered Level 5 of the Dungeon
  2762 | D:5      | Reached XP level 7. HP: 56/60 MP: 6/6
  2770 | D:5      | Reached skill level 5 in Fighting
  2802 | D:5      | Reached skill level 6 in Maces & Flails
  3147 | D:5      | Reached skill level 1 in Stealth
  3154 | D:5      | Found Leusex's Assorted Antiques.
  3192 | D:5      | Reached XP level 8. HP: 68/68 MP: 7/7
  3324 | D:5      | Reached skill level 7 in Maces & Flails
  3603 | D:6      | Found a radiant altar of Vehumet.
  4089 | D:6      | Found a stormy altar of Qazlal.
  4107 | D:6      | Found a glowing golden altar of the Shining One.
  4330 | D:7      | Reached skill level 8 in Maces & Flails
  4476 | D:7      | Found a shattered altar of Ashenzari.
  4510 | D:7      | Found an iron altar of Okawaru.
  4890 | D:7      | Slain by an orc warrior

Vault maps used:
D:1:      minmay_arrival_cross
D:2:      minmay_roachtagon, kennysheep_vampire_church, first_bread
D:4:      minmay_wonky_spiral, guppyfry_early_lair_pool
D:5:      old_forge, serial_shops, nicolae_shop_crystal
D:6:      lemuel_crystal_altar, minitemple
D:7:      old_standard_altar, basic_altar
D:8:      statuecave_lemuel
Temple:   nicolae_temple_x_marks_the_god

Skill      XL: |  1  2  3  4  5  6  7  8 |
---------------+-------------------------+-----
Armour         | 4 5 6 7 |  7.0
Maces & Flails | 3 5 6 8 |  8.8
Fighting       | 4 5 6 |  6.0
Shields        | 4 5 6 7 |  7.4
Dodging        | 1 2 |  2.5
Stealth        | 1 |  1.5

Action                   |  1- 3 |  4- 6 |  7- 9 || total
-------------------------+-------+-------+-------++-------
Melee: Flail             |    78 |   205 |   235 ||   518
       Headbutt          |    14 |    30 |    48 ||    92
Invok: Potion Petition   |       |       |     2 ||     2
  Use: Potion            |       |     2 |     4 ||     6
       Scroll            |       |     6 |     7 ||    13
 Stab: Distracted        |       |     1 |       ||     1
       Invisible         |       |       |     3 ||     3
  Eat: Fruit             |       |     7 |     3 ||    10
       Beef jerky        |       |     1 |       ||     1
       Meat ration       |       |       |     1 ||     1
Armor: Scale mail        |    49 |    86 |    78 ||   213
Dodge: Dodged            |    29 |    44 |    73 ||   146
Block: Shield            |    52 |    92 |   118 ||   262
